River Rats vs Staline

Created - 20 novembre 2014 at 19:09

Goals
1 2 3 T
River Rats 1 2 1 4
Staline 1 1 3 5
Shots
1 2 3 T
River Rats 22 15 6 43
Staline 16 8 14 38

1st period

1. River Rats , Brett Maclean 10 (Peter Mueller) at 2:06 (PP)
2. Staline , Brandon Prust 12 (Yan Stastny, Cam Janssen) at 16:26

Penalties :
Zac Rinaldo (StJ) for Hooking (Minor) at 2:05, Brandon Prust (StJ) for Fighting (Major) at 3:10, Kellan Lain (Alb) for Fighting (Major) at 3:10, Theo Peckham (StJ) for Boarding (Minor) at 10:59

2nd period

3. River Rats , Steve Quailer 7 (Kellan Lain, Justin Schultz) at 5:17
4. Staline , Mason Raymond 9 (Greg Pateryn) at 17:14
5. River Rats , Damien Brunner 18 (Andrej Meszaros, Peter Mueller) at 19:18 (PP)

Penalties :
Brian Dumoulin (Alb) for Tripping (Minor) at 9:01, Michael Del Zotto (Alb) for Roughing (Minor) at 13:35, Brandon Prust (StJ) for Hooking (Minor) at 18:35

3rd period

6. Staline , Brandon Prust 13 (Yan Stastny, T.J. Fast) at 3:29
7. River Rats , Jamie Arniel 6 (Tomas Kubalik, Michael Del Zotto) at 6:05
8. Staline , Brandon Prust 14 (T.J. Fast, Cam Janssen) at 7:36 (PP)
9. Staline , Andrei Loktionov 20 (J.T. Wyman, Tobias Stephan) at 8:55 (PP)

Penalties :
Yan Stastny (StJ) for Hooking (Minor) at 0:22, Matt Jones (Alb) for Hooking (Minor) at 6:27, Justin Schultz (Alb) for Slashing (Minor) at 8:21, Allen York (Alb) for Slashing (Minor) at 11:48 - Kellan Lain served the penalty, J.T. Brown (Alb) for Slashing (Minor) at 15:23

Goalie Stats

Allen York (Alb), 33 saves from 38 shots - (0,868), L, 3-2-0, 59:13 minutes
Tobias Stephan (StJ), 39 saves from 43 shots - (0,907), W, 16-3-2, 60:00 minutes

Players Stats for River Rats

Player Name              G  A  P  +/- PIM S  H  SB GA TA FO     MP     PP MP  PK MP  
------------------------------------------------------------------------------------
Andrej Meszaros          0  1  1  -1  0   1  2  1  0  1  0/0    23:56   1:19   5:32 
Brett Maclean            1  0  1   0  0   12 4  2  2  0  0/0    17:02   2:47   0:13 
Brian Dumoulin           0  0  0   0  2   0  1  0  0  0  0/0    11:58   0:00   0:35 
Bryan Rodney             0  0  0   0  0   0  0  0  0  0  0/0     1:59   0:00   1:10 
Chris Mcallister         0  0  0   0  0   6  2  1  4  1  1/1    23:10   1:55   5:03 
Damien Brunner           1  0  1   0  0   6  3  0  0  0  2/3    18:29   2:47   0:00 
J.T. Brown               0  0  0  -1  2   0  0  0  0  0  0/0     5:04   0:00   0:00 
Jamie Arniel             1  0  1   0  0   5  3  0  0  0  5/9    12:36   1:55   0:12 
Justin Schultz           0  1  1   0  2   1  3  1  0  0  0/0    22:11   3:23   0:35 
Kellan Lain              0  1  1   0  5   3  1  1  0  0  9/12   15:41   0:00   4:00 
Kyle Chipchura           0  0  0  -1  0   0  0  0  0  1  1/3     9:38   0:00   4:02 
Matt Jones               0  0  0   0  2   0  1  1  1  1  0/0    24:37   1:19   4:49 
Michael Del Zotto        0  1  1   0  2   2  0  0  0  1  0/0    19:29   3:23   2:57 
Pavel Valentenko         0  0  0  -1  0   1  1  1  0  0  0/0    16:27   0:00   3:40 
Peter Mueller            0  2  2   0  0   2  1  0  2  0  19/40  20:38   2:47   1:25 
Pierre-Cédric Labrie     0  0  0   0  0   1  2  1  0  1  1/3    13:11   0:00   1:43 
Steve Quailer            1  0  1   0  0   2  2  1  0  0  0/1    15:32   1:55   0:00 
Taylor Beck              0  0  0  -1  0   0  0  0  0  0  0/0     8:08   0:00   2:40 
Tomas Kubalik            0  1  1   0  0   1  0  0  1  0  0/0    10:29   0:00   0:00 

Players Stats for Staline

Player Name              G  A  P  +/- PIM S  H  SB GA TA FO     MP     PP MP  PK MP  
------------------------------------------------------------------------------------
Aaron Ness               0  0  0   0  0   0  0  0  0  0  0/0     0:00   0:00   0:00 
Andrei Loktionov         1  0  1   1  0   3  3  1  0  0  4/8    16:09   3:51   0:19 
Brandon Prust            3  0  3   1  7   8  0  1  1  1  4/9    23:03   5:43   2:50 
Cam Janssen              0  2  2   1  0   4  3  2  0  0  2/6    21:58   5:43   0:19 
Danny Kristo             0  0  0   0  0   0  0  0  1  1  0/0     6:48   0:05   0:00 
David Kolomatis          0  0  0   0  0   0  0  0  0  0  0/0     0:00   0:00   0:00 
Greg Pateryn             0  1  1   1  0   0  1  1  0  1  0/0    11:38   0:00   0:32 
J.T. Wyman               0  1  1   1  0   0  2  0  0  1  0/1    15:39   3:51   0:00 
James Sheppard           0  0  0   0  0   2  0  0  0  0  0/2     8:15   0:00   1:27 
Jamie McGinn             0  0  0   0  0   0  0  0  0  0  0/0     0:03   0:00   0:03 
Jared Boll               0  0  0  -1  0   2  3  1  0  1  0/0    11:57   0:05   0:00 
Mason Raymond            1  0  1   1  0   3  2  1  0  0  0/1    17:10   3:51   1:04 
Mathieu Perreault        0  0  0  -1  0   1  0  1  0  0  2/7    10:53   0:00   0:00 
Nick Spaling             0  0  0  -1  0   4  0  0  1  0  1/1    11:32   0:05   0:00 
Peter Holland            0  0  0   0  0   0  0  0  0  0  0/2     0:58   0:00   0:58 
Stu Bickel               0  0  0   1  0   3  2  3  0  1  0/0    30:13   5:58   3:00 
T.J. Fast                0  2  2   1  0   1  3  2  0  1  0/0    30:13   5:58   3:00 
Theo Peckham             0  0  0  -1  2   3  2  0  1  1  0/0    18:19   3:41   1:10 
Torey Krug               0  0  0   1  0   0  0  0  0  0  0/0    10:45   0:00   0:00 
Tyler Cuma               0  0  0  -1  0   1  2  1  0  2  0/0    19:02   3:41   1:42 
Yan Stastny              0  2  2   1  2   3  3  0  2  0  19/32  24:10   5:43   2:24 
Zac Rinaldo              0  0  0   0  2   0  1  0  0  0  2/3     6:28   0:00   0:00 

3 Stars

1 - Brandon Prust (StJ)
2 - T.J. Fast (StJ)
3 - Cam Janssen (StJ)

Power Play

River Rats - 2 on 4 Attempt(s) - 50,00%
Staline - 2 on 6 Attempt(s) - 33,33%

Penalty Kill

River Rats - 4 on 6 Attempt(s) - 66,67% - Score 0 goal in Penalty Kill
Staline - 2 on 4 Attempt(s) - 50,00% - Score 0 goal in Penalty Kill

Official

Referees : Pollock Kevin and Morton Dean
Linesman : Pierre Racicot and Scott Cherrey

Game Notes

Brandon Prust beats up Kellan Lain at 3:10 of 1st period
Brandon Prust has scored a Hat Trick!

Finance

Level 1 -- Attendance: 1524 (76,20%) -- Ticket Income 53 340 $
Level 2 -- Attendance: 717 (71,70%) -- Ticket Income 10 755 $
Total Attendance: 2241 (74,70%)
Total Ticket Income: 64 095 $
Other Income: 3 205 $
Total Income: 67 300 $

River Rats

5 vs 5 Forward 
   Center                   Left Wing                Right Wing               Time % Phy DF OF 
 1 Peter Mueller            Chris Mcallister         Damien Brunner           40     1   2  2  
 2 Kellan Lain              Brett Maclean            Steve Quailer            30     1   2  2  
 3 Jamie Arniel             Pierre-Cédric Labrie     Tomas Kubalik            20     1   2  2  
 4 Kyle Chipchura           Taylor Beck              J.T. Brown               10     1   2  2  

5 vs 5 Defense 
   Defense                  Defense                                           Time % Phy DF OF 
 1 Matt Jones               Justin Schultz                                    40     1   2  2  
 2 Andrej Meszaros          Michael Del Zotto                                 30     1   2  2  
 3 Brian Dumoulin           Pavel Valentenko                                  20     1   2  2  
 4 Andrej Meszaros          Pavel Valentenko                                  10     1   2  2  

PowerPlay Forward 
   Center                   Left Wing                Right Wing               Time % Phy DF OF 
 1 Peter Mueller            Brett Maclean            Damien Brunner           60     1   2  2  
 2 Jamie Arniel             Chris Mcallister         Steve Quailer            40     1   2  2  

PowerPlay Defense
   Defense                  Defense                                           Time % Phy DF OF 
 1 Justin Schultz           Michael Del Zotto                                 60     1   2  2  
 2 Andrej Meszaros          Matt Jones                                        40     1   2  2  

Penalty Kill 4 Players Forward 
   Center                   Wing                     Time % Phy DF OF 
 1 Kellan Lain              Chris Mcallister         60     1   2  2  
 2 Kyle Chipchura           Pierre-Cédric Labrie     40     1   2  2  

Penalty Kill 4 Players Defense
   Defense                  Defense                  Time % Phy DF OF 
 1 Andrej Meszaros          Matt Jones               60     1   2  2  
 2 Pavel Valentenko         Michael Del Zotto        40     1   2  2  

Penalty Kill - 3 Players Forward 
   Forward                                           Time % Phy DF OF 
 1 Chris Mcallister                                  60     1   2  2  
 2 Kyle Chipchura                                    40     1   2  2  

Penalty Kill - 3 Players Defense
   Defense                  Defense                  Time % Phy DF OF 
 1 Andrej Meszaros          Matt Jones               60     1   2  2  
 2 Andrej Meszaros          Michael Del Zotto        40     1   2  2  

4 vs 4 Forward 
   Center                   Wing                     Time % Phy DF OF 
 1 Jamie Arniel             Chris Mcallister         60     1   2  2  
 2 Peter Mueller            Damien Brunner           40     1   2  2  

4 vs 4 Defense
   Defense                  Defense                  Time % Phy DF OF 
 1 Justin Schultz           Matt Jones               60     1   2  2  
 2 Andrej Meszaros          Michael Del Zotto        40     1   2  2  

Last Minutes Offensive
   Center                   Left Wing                Right Wing               Defense                  Defense                  
   Peter Mueller            Chris Mcallister         Damien Brunner           Andrej Meszaros          Justin Schultz           

Last Minutes Defensive
   Center                   Left Wing                Right Wing               Defense                  Defense                  
   Kyle Chipchura           Chris Mcallister         Damien Brunner           Andrej Meszaros          Matt Jones               

Goaltenders
Starting : Allen York               
Backup : Braden Holtby            

Extra Forwards
Normal : Kellan Lain, Chris Mcallister, Pierre-Cédric Labrie - PP : Kellan Lain, Tomas Kubalik - PK : Chris Mcallister
Extra Defensemen
Normal : Pavel Valentenko, Michael Del Zotto, Brian Dumoulin - PP : Brian Dumoulin - PK : Pavel Valentenko, Andrej Meszaros
Penalty Shots
Brett Maclean, Chris Mcallister, Damien Brunner, Peter Mueller, Kellan Lain

Staline

5 vs 5 Forward 
   Center                   Left Wing                Right Wing               Time % Phy DF OF 
 1 Yan Stastny              Brandon Prust            Cam Janssen              40     1   2  2  
 2 Andrei Loktionov         Mason Raymond            J.T. Wyman               30     1   2  2  
 3 Mathieu Perreault        Nick Spaling             Jared Boll               20     1   2  2  
 4 Zac Rinaldo              James Sheppard           Danny Kristo             10     1   2  2  

5 vs 5 Defense 
   Defense                  Defense                                           Time % Phy DF OF 
 1 T.J. Fast                Stu Bickel                                        40     1   2  2  
 2 Theo Peckham             Tyler Cuma                                        30     1   2  2  
 3 Torey Krug               Greg Pateryn                                      20     1   2  2  
 4 T.J. Fast                Stu Bickel                                        10     1   2  2  

PowerPlay Forward 
   Center                   Left Wing                Right Wing               Time % Phy DF OF 
 1 Yan Stastny              Brandon Prust            Cam Janssen              60     1   2  2  
 2 Andrei Loktionov         Mason Raymond            J.T. Wyman               40     1   2  2  

PowerPlay Defense
   Defense                  Defense                                           Time % Phy DF OF 
 1 T.J. Fast                Stu Bickel                                        60     1   2  2  
 2 Theo Peckham             Tyler Cuma                                        40     1   2  2  

Penalty Kill 4 Players Forward 
   Center                   Wing                     Time % Phy DF OF 
 1 Brandon Prust            Yan Stastny              60     1   2  2  
 2 Cam Janssen              Andrei Loktionov         40     1   2  2  

Penalty Kill 4 Players Defense
   Defense                  Defense                  Time % Phy DF OF 
 1 T.J. Fast                Stu Bickel               60     1   2  2  
 2 Theo Peckham             Tyler Cuma               40     1   2  2  

Penalty Kill - 3 Players Forward 
   Forward                                           Time % Phy DF OF 
 1 Brandon Prust                                     60     1   2  2  
 2 Yan Stastny                                       40     1   2  2  

Penalty Kill - 3 Players Defense
   Defense                  Defense                  Time % Phy DF OF 
 1 T.J. Fast                Stu Bickel               60     1   2  2  
 2 Theo Peckham             Tyler Cuma               40     1   2  2  

4 vs 4 Forward 
   Center                   Wing                     Time % Phy DF OF 
 1 Brandon Prust            Yan Stastny              60     1   2  2  
 2 Cam Janssen              Andrei Loktionov         40     1   2  2  

4 vs 4 Defense
   Defense                  Defense                  Time % Phy DF OF 
 1 T.J. Fast                Stu Bickel               60     1   2  2  
 2 Theo Peckham             Tyler Cuma               40     1   2  2  

Last Minutes Offensive
   Center                   Left Wing                Right Wing               Defense                  Defense                  
   Yan Stastny              Brandon Prust            Cam Janssen              T.J. Fast                Stu Bickel               

Last Minutes Defensive
   Center                   Left Wing                Right Wing               Defense                  Defense                  
   Yan Stastny              Brandon Prust            Cam Janssen              T.J. Fast                Stu Bickel               

Goaltenders
Starting : Tobias Stephan           
Backup : Martin Houle             

Extra Forwards
Normal : Jared Boll, Nick Spaling, James Sheppard - PP : Jared Boll, Nick Spaling - PK : James Sheppard
Extra Defensemen
Normal : Torey Krug, Greg Pateryn, Theo Peckham - PP : Torey Krug - PK : Greg Pateryn, Theo Peckham
Penalty Shots
Brandon Prust, Yan Stastny, Cam Janssen, Andrei Loktionov, Mason Raymond

% Time on Ice - River Rats

Lines # - Real PCT - Wanted PCT - Time Play
Normal Forward
1 - 34% - 40% - 15:17
2 - 31% - 30% - 13:37
3 - 24% - 20% - 10:29
4 - 11% - 10% - 5:05
Normal Defense
1 - 41% - 40% - 18:16
2 - 30% - 30% - 13:25
3 - 23% - 20% - 10:20
4 - 6% - 10% - 2:27
PP Forward
1 - 59% - 60% - 2:47
2 - 41% - 40% - 1:55
PP Defense
1 - 72% - 60% - 3:23
2 - 28% - 40% - 1:19
PK Forward
1 - 82% - 60% - 7:56
2 - 18% - 40% - 1:43
PK Defense
1 - 62% - 60% - 5:58
2 - 38% - 40% - 3:41
PK3 Forward
1 - 0% - 60%
2 - 0% - 40%
PK3 Defense
1 - 0% - 60%
2 - 0% - 40%
44 Forward
1 - 0% - 60%
2 - 0% - 40%
44 Defense
1 - 0% - 60%
2 - 0% - 40%
Last Minute Offensive  - 1:11
Last Minute Defensive  - 0:00
Total
Forward - 60:00
Defense - 60:00

% Time on Ice - Staline

Lines # - Real PCT - Wanted PCT - Time Play
Normal Forward
1 - 34% - 40% - 15:06
2 - 27% - 30% - 11:59
3 - 24% - 20% - 10:53
4 - 15% - 10% - 6:29
Normal Defense
1 - 41% - 40% - 18:06
2 - 31% - 30% - 13:39
3 - 24% - 20% - 10:45
4 - 4% - 10% - 1:57
PP Forward
1 - 60% - 60% - 5:48
2 - 40% - 40% - 3:51
PP Defense
1 - 62% - 60% - 5:58
2 - 38% - 40% - 3:41
PK Forward
1 - 93% - 60% - 4:23
2 - 7% - 40% - 0:19
PK Defense
1 - 64% - 60% - 3:00
2 - 36% - 40% - 1:42
PK3 Forward
1 - 0% - 60%
2 - 0% - 40%
PK3 Defense
1 - 0% - 60%
2 - 0% - 40%
44 Forward
1 - 0% - 60%
2 - 0% - 40%
44 Defense
1 - 0% - 60%
2 - 0% - 40%
Last Minute Offensive  - 0:00
Last Minute Defensive  - 1:12
Total
Forward - 60:00
Defense - 60:00

Play by Play

1st period


0:01 of 1st period - Yan Stastny wins face-off versus Peter Mueller in neutral zone.
0:08 of 1st period - Snap shot by Chris Mcallister.
0:08 of 1st period - Stopped by Tobias Stephan with a rebound.
0:10 of 1st period - Wrist shot by Chris Mcallister.
0:10 of 1st period - Stopped by Tobias Stephan with a rebound.
0:14 of 1st period - Snap shot by Damien Brunner.
0:14 of 1st period - Deflect By Peter Mueller.
0:14 of 1st period - Shot Misses the Net.
0:14 of 1st period - Puck is out of play.
0:15 of 1st period - Kellan Lain wins face-off versus Andrei Loktionov in Staline zone.
0:18 of 1st period - Snap shot by Brett Maclean.
0:18 of 1st period - Stopped by Tobias Stephan with a rebound.
0:20 of 1st period - Snap shot by Kellan Lain.
0:20 of 1st period - Stopped by Tobias Stephan without a rebound.
0:21 of 1st period - Andrei Loktionov wins face-off versus Kellan Lain in Staline zone.
0:28 of 1st period - Snap shot by Mason Raymond.
0:28 of 1st period - Stopped by Allen York with a rebound.
0:50 of 1st period - Snap shot by Jared Boll.
0:50 of 1st period - Shot Blocked by Andrej Meszaros.
0:52 of 1st period - Snap shot by Nick Spaling.
0:52 of 1st period - Stopped by Allen York with a rebound.
0:54 of 1st period - Snap shot by Jared Boll.
0:54 of 1st period - Stopped by Allen York without a rebound.
0:55 of 1st period - Peter Mueller wins face-off versus Mathieu Perreault in River Rats zone.
1:26 of 1st period - Icing by Brandon Prust.
1:27 of 1st period - Yan Stastny wins face-off versus Kyle Chipchura in Staline zone.
1:27 of 1st period - Yan Stastny is hit by Justin Schultz.
1:33 of 1st period - Matt Jones is hit by Cam Janssen and loses puck.
2:05 of 1st period - Minor Penalty to Zac Rinaldo for Hooking.
2:06 of 1st period - Peter Mueller wins face-off versus Brandon Prust in Staline zone.
2:06 of 1st period - Snap shot by Brett Maclean.
2:06 of 1st period - Goal by Brett Maclean - River Rats : 1 - Staline : 0.
2:07 of 1st period - Kellan Lain wins face-off versus Andrei Loktionov in neutral zone.
2:16 of 1st period - Wrist shot by Steve Quailer.
2:16 of 1st period - Stopped by Tobias Stephan with a rebound.
2:18 of 1st period - Slapshot by Pavel Valentenko.
2:18 of 1st period - Deflect By Brett Maclean.
2:18 of 1st period - Stopped by Tobias Stephan with a rebound.
2:41 of 1st period - Andrej Meszaros is hit by Tyler Cuma and loses puck.
2:51 of 1st period - Icing by Pavel Valentenko.
2:52 of 1st period - Zac Rinaldo wins face-off versus Peter Mueller in River Rats zone.
3:01 of 1st period - Wrist shot by Damien Brunner.
3:01 of 1st period - Stopped by Tobias Stephan with a rebound.
3:05 of 1st period - Wrist shot by Damien Brunner.
3:05 of 1st period - Stopped by Tobias Stephan without a rebound.
3:06 of 1st period - Yan Stastny wins face-off versus Kellan Lain in Staline zone.
3:10 of 1st period - Brandon Prust beats up Kellan Lain.
3:10 of 1st period - Penalty to Brandon Prust for Fighting.
3:10 of 1st period - Penalty to Kellan Lain for Fighting.
3:11 of 1st period - Yan Stastny wins face-off versus Pierre-Cédric Labrie in River Rats zone.
3:36 of 1st period - James Sheppard is hit by Brett Maclean and loses puck.
3:49 of 1st period - Snap shot by Brett Maclean.
3:49 of 1st period - Stopped by Tobias Stephan with a rebound.
4:19 of 1st period - Snap shot by Jared Boll.
4:19 of 1st period - Stopped by Allen York with a rebound.
4:37 of 1st period - Greg Pateryn is hit by Pierre-Cédric Labrie and loses puck.
6:40 of 1st period - Chris Mcallister is hit by Zac Rinaldo and loses puck.
6:55 of 1st period - Andrej Meszaros is hit by Tyler Cuma and loses puck.
7:43 of 1st period - T.J. Fast is hit by Jamie Arniel and loses puck.
8:00 of 1st period - Justin Schultz is hit by Cam Janssen and loses puck.
9:06 of 1st period - Chris Mcallister is hit by Greg Pateryn.
9:18 of 1st period - Icing by James Sheppard.
9:19 of 1st period - Zac Rinaldo wins face-off versus Steve Quailer in Staline zone.
9:34 of 1st period - Kellan Lain is hit by J.T. Wyman and loses puck.
9:41 of 1st period - Kellan Lain is hit by Mason Raymond and loses puck.
10:12 of 1st period - Snap shot by Andrei Loktionov.
10:12 of 1st period - Stopped by Allen York with a rebound.
10:29 of 1st period - Slapshot by Brett Maclean.
10:29 of 1st period - Stopped by Tobias Stephan without a rebound.
10:30 of 1st period - Yan Stastny wins face-off versus Peter Mueller in Staline zone.
10:34 of 1st period - Off-side.
10:35 of 1st period - Yan Stastny wins face-off versus Peter Mueller in neutral zone.
10:38 of 1st period - Snap shot by Cam Janssen.
10:38 of 1st period - Stopped by Allen York without a rebound.
10:39 of 1st period - Yan Stastny wins face-off versus Peter Mueller in River Rats zone.
10:40 of 1st period - Snap shot by Cam Janssen.
10:40 of 1st period - Shot Misses the Net.
10:48 of 1st period - Wrist shot by Cam Janssen.
10:48 of 1st period - Shot Misses the Net.
10:59 of 1st period - Minor Penalty to Theo Peckham for Boarding.
11:00 of 1st period - Peter Mueller wins face-off versus Brandon Prust in Staline zone.
11:12 of 1st period - Snap shot by Yan Stastny.
11:12 of 1st period - Deflect By Brandon Prust.
11:12 of 1st period - Stopped by Allen York without a rebound.
11:13 of 1st period - Brandon Prust wins face-off versus Peter Mueller in River Rats zone.
11:22 of 1st period - T.J. Fast is hit by Damien Brunner and loses puck.
11:41 of 1st period - Wrist shot by Justin Schultz.
11:41 of 1st period - Shot Blocked by Stu Bickel.
11:43 of 1st period - Snap shot by Chris Mcallister.
11:43 of 1st period - Stopped by Tobias Stephan without a rebound.
11:44 of 1st period - Jamie Arniel wins face-off versus Brandon Prust in Staline zone.
11:47 of 1st period - Snap shot by Chris Mcallister.
11:47 of 1st period - Deflect By Jamie Arniel.
11:47 of 1st period - Stopped by Tobias Stephan with a rebound.
11:49 of 1st period - Snap shot by Chris Mcallister.
11:49 of 1st period - Shot Misses the Net.
11:51 of 1st period - Snap shot by Chris Mcallister.
11:51 of 1st period - Stopped by Tobias Stephan with a rebound.
11:53 of 1st period - Slapshot by Matt Jones.
11:53 of 1st period - Shot Blocked by Greg Pateryn.
11:55 of 1st period - Slapshot by Andrej Meszaros.
11:55 of 1st period - Shot Misses the Net.
11:57 of 1st period - Snap shot by Steve Quailer.
11:57 of 1st period - Deflect By Jamie Arniel.
11:57 of 1st period - Stopped by Tobias Stephan without a rebound.
11:58 of 1st period - Peter Mueller wins face-off versus Brandon Prust in Staline zone.
11:59 of 1st period - Wrist shot by Brett Maclean.
11:59 of 1st period - Stopped by Tobias Stephan with a rebound.
12:01 of 1st period - Slapshot by Justin Schultz.
12:01 of 1st period - Shot Blocked by Stu Bickel.
12:03 of 1st period - Slapshot by Justin Schultz.
12:03 of 1st period - Shot Blocked by T.J. Fast.
12:11 of 1st period - Snap shot by Damien Brunner.
12:11 of 1st period - Stopped by Tobias Stephan with a rebound.
12:13 of 1st period - Snap shot by Brett Maclean.
12:13 of 1st period - Stopped by Tobias Stephan without a rebound.
12:14 of 1st period - Peter Mueller wins face-off versus Cam Janssen in Staline zone.
12:59 of 1st period - Penalty to Theo Peckham is over, Theo Peckham is back on ice.
13:19 of 1st period - Slapshot by Nick Spaling.
13:19 of 1st period - Stopped by Allen York without a rebound.
13:20 of 1st period - Jamie Arniel wins face-off versus Mathieu Perreault in River Rats zone.
13:39 of 1st period - Wrist shot by Nick Spaling.
13:39 of 1st period - Shot Misses the Net.
13:43 of 1st period - Slapshot by Jared Boll.
13:43 of 1st period - Deflect By Nick Spaling.
13:43 of 1st period - Stopped by Allen York with a rebound.
14:01 of 1st period - Snap shot by Jared Boll.
14:01 of 1st period - Deflect By Nick Spaling.
14:01 of 1st period - Shot Misses the Net.
14:01 of 1st period - Puck is out of play.
14:02 of 1st period - Peter Mueller wins face-off versus Yan Stastny in River Rats zone.
14:15 of 1st period - Snap shot by Chris Mcallister.
14:15 of 1st period - Stopped by Tobias Stephan with a rebound.
14:33 of 1st period - Slapshot by Andrei Loktionov.
14:33 of 1st period - Shot Blocked by Justin Schultz.
14:35 of 1st period - Snap shot by Andrei Loktionov.
14:35 of 1st period - Stopped by Allen York with a rebound.
14:37 of 1st period - Slapshot by Greg Pateryn.
14:37 of 1st period - Deflect By Mason Raymond.
14:37 of 1st period - Stopped by Allen York without a rebound.
14:38 of 1st period - Peter Mueller wins face-off versus Mason Raymond in River Rats zone.
14:38 of 1st period - Peter Mueller is hit by Andrei Loktionov.
14:44 of 1st period - Snap shot by Peter Mueller.
14:44 of 1st period - Shot Blocked by Andrei Loktionov.
15:07 of 1st period - Michael Del Zotto is hit by Yan Stastny and loses puck.
15:33 of 1st period - Slapshot by Mathieu Perreault.
15:33 of 1st period - Shot Blocked by Brett Maclean.
15:35 of 1st period - Snap shot by Stu Bickel.
15:35 of 1st period - Stopped by Allen York without a rebound.
15:36 of 1st period - Peter Mueller wins face-off versus Andrei Loktionov in River Rats zone.
16:08 of 1st period - Wrist shot by Cam Janssen.
16:08 of 1st period - Stopped by Allen York without a rebound.
16:09 of 1st period - Brandon Prust wins face-off versus Jamie Arniel in River Rats zone.
16:14 of 1st period - Wrist shot by Cam Janssen.
16:14 of 1st period - Stopped by Allen York without a rebound.
16:15 of 1st period - Yan Stastny wins face-off versus Jamie Arniel in River Rats zone.
16:18 of 1st period - Wrist shot by Yan Stastny.
16:18 of 1st period - Stopped by Allen York without a rebound.
16:19 of 1st period - Yan Stastny wins face-off versus Jamie Arniel in River Rats zone.
16:26 of 1st period - Snap shot by Brandon Prust.
16:26 of 1st period - Goal by Brandon Prust - River Rats : 1 - Staline : 1.
16:27 of 1st period - Yan Stastny wins face-off versus Peter Mueller in neutral zone.
16:40 of 1st period - Backhand shot by Justin Schultz.
16:40 of 1st period - Stopped by Tobias Stephan without a rebound.
16:41 of 1st period - Cam Janssen wins face-off versus Peter Mueller in Staline zone.
16:41 of 1st period - Cam Janssen is hit by Justin Schultz.
16:47 of 1st period - Snap shot by Damien Brunner.
16:47 of 1st period - Stopped by Tobias Stephan without a rebound.
16:48 of 1st period - Yan Stastny wins face-off versus Peter Mueller in Staline zone.
16:48 of 1st period - Yan Stastny is hit by Damien Brunner.
18:04 of 1st period - Slapshot by Andrej Meszaros.
18:04 of 1st period - Stopped by Tobias Stephan without a rebound.
18:05 of 1st period - Cam Janssen wins face-off versus Peter Mueller in Staline zone.
18:20 of 1st period - Wrist shot by Chris Mcallister.
18:20 of 1st period - Shot Blocked by Cam Janssen.
19:12 of 1st period - Stu Bickel is hit by Andrej Meszaros and loses puck.
19:41 of 1st period - Brandon Prust is hit by Matt Jones and loses puck.
Goals for this period are 1 for River Rats vs 1 for Staline.
Shots for this period are 22 for River Rats vs 16 for Staline.

2nd period


0:01 of 2nd period - Damien Brunner wins face-off versus Yan Stastny in neutral zone.
0:26 of 2nd period - Steve Quailer is hit by Stu Bickel and loses puck.
0:57 of 2nd period - Wrist shot by Tomas Kubalik.
0:57 of 2nd period - Stopped by Tobias Stephan with a rebound.
0:59 of 2nd period - Slapshot by Pavel Valentenko.
0:59 of 2nd period - Stopped by Tobias Stephan without a rebound.
1:00 of 2nd period - Brandon Prust wins face-off versus Peter Mueller in Staline zone.
1:05 of 2nd period - Wrist shot by Brandon Prust.
1:05 of 2nd period - Stopped by Allen York without a rebound.
1:06 of 2nd period - Yan Stastny wins face-off versus Peter Mueller in River Rats zone.
1:57 of 2nd period - Tyler Cuma is hit by Brett Maclean and loses puck.
2:12 of 2nd period - Snap shot by Brett Maclean.
2:12 of 2nd period - Stopped by Tobias Stephan with a rebound.
2:14 of 2nd period - Snap shot by Kellan Lain.
2:14 of 2nd period - Shot Misses the Net.
2:16 of 2nd period - Slapshot by Brett Maclean.
2:16 of 2nd period - Stopped by Tobias Stephan without a rebound.
2:17 of 2nd period - Yan Stastny wins face-off versus Peter Mueller in Staline zone.
2:25 of 2nd period - Off-side.
2:26 of 2nd period - Yan Stastny wins face-off versus Peter Mueller in neutral zone.
3:06 of 2nd period - Off-side.
3:07 of 2nd period - Mathieu Perreault wins face-off versus Jamie Arniel in neutral zone.
3:34 of 2nd period - Icing by Mason Raymond.
3:35 of 2nd period - Kellan Lain wins face-off versus J.T. Wyman in Staline zone.
3:41 of 2nd period - Snap shot by Brett Maclean.
3:41 of 2nd period - Deflect By Kellan Lain.
3:41 of 2nd period - Stopped by Tobias Stephan with a rebound.
3:43 of 2nd period - Snap shot by Kellan Lain.
3:43 of 2nd period - Stopped by Tobias Stephan without a rebound.
3:44 of 2nd period - Chris Mcallister wins face-off versus Yan Stastny in Staline zone.
4:09 of 2nd period - Kellan Lain is hit by Mason Raymond and loses puck.
4:21 of 2nd period - Icing by Justin Schultz.
4:22 of 2nd period - Kellan Lain wins face-off versus Mathieu Perreault in River Rats zone.
4:59 of 2nd period - Wrist shot by Brett Maclean.
4:59 of 2nd period - Stopped by Tobias Stephan with a rebound.
5:01 of 2nd period - Wrist shot by Brett Maclean.
5:01 of 2nd period - Stopped by Tobias Stephan with a rebound.
5:03 of 2nd period - Snap shot by Brett Maclean.
5:03 of 2nd period - Shot Blocked by Cam Janssen.
5:05 of 2nd period - Wrist shot by Brett Maclean.
5:05 of 2nd period - Stopped by Tobias Stephan with a rebound.
5:13 of 2nd period - Backhand shot by Kellan Lain.
5:13 of 2nd period - Shot Misses the Net.
5:15 of 2nd period - Slapshot by Steve Quailer.
5:15 of 2nd period - Shot Blocked by Tyler Cuma.
5:17 of 2nd period - Snap shot by Steve Quailer.
5:17 of 2nd period - Goal by Steve Quailer - River Rats : 2 - Staline : 1.
5:18 of 2nd period - Andrei Loktionov wins face-off versus Peter Mueller in neutral zone.
5:32 of 2nd period - Andrej Meszaros is hit by T.J. Fast and loses puck.
5:51 of 2nd period - Wrist shot by Brandon Prust.
5:51 of 2nd period - Stopped by Allen York with a rebound.
5:53 of 2nd period - Wrist shot by Yan Stastny.
5:53 of 2nd period - Stopped by Allen York with a rebound.
5:55 of 2nd period - Snap shot by Cam Janssen.
5:55 of 2nd period - Stopped by Allen York with a rebound.
5:57 of 2nd period - Snap shot by Brandon Prust.
5:57 of 2nd period - Stopped by Allen York with a rebound.
5:59 of 2nd period - Wrist shot by Yan Stastny.
5:59 of 2nd period - Shot Blocked by Pierre-Cédric Labrie.
6:09 of 2nd period - Torey Krug is hit by Andrej Meszaros and loses puck.
6:38 of 2nd period - Slapshot by James Sheppard.
6:38 of 2nd period - Shot Blocked by Brett Maclean.
6:50 of 2nd period - T.J. Fast is hit by Chris Mcallister and loses puck.
7:20 of 2nd period - Justin Schultz is hit by T.J. Fast and loses puck.
7:53 of 2nd period - Wrist shot by Nick Spaling.
7:53 of 2nd period - Stopped by Allen York with a rebound.
8:36 of 2nd period - Icing by Brian Dumoulin.
8:37 of 2nd period - Kyle Chipchura wins face-off versus Yan Stastny in River Rats zone.
9:01 of 2nd period - Minor Penalty to Brian Dumoulin for Tripping.
9:02 of 2nd period - Yan Stastny wins face-off versus Kellan Lain in River Rats zone.
9:16 of 2nd period - Wrist shot by Yan Stastny.
9:16 of 2nd period - Shot Misses the Net.
9:18 of 2nd period - Backhand shot by Cam Janssen.
9:18 of 2nd period - Shot Hit the Post.
9:47 of 2nd period - Matt Jones is hit by Yan Stastny and loses puck.
11:01 of 2nd period - Penalty to Brian Dumoulin is over, Brian Dumoulin is back on ice.
11:06 of 2nd period - Matt Jones is hit by Jared Boll and loses puck.
11:29 of 2nd period - Backhand shot by Andrej Meszaros.
11:29 of 2nd period - Deflect By Jamie Arniel.
11:29 of 2nd period - Shot Misses the Net.
11:29 of 2nd period - Puck is out of play.
11:30 of 2nd period - Jamie Arniel wins face-off versus Mathieu Perreault in Staline zone.
11:37 of 2nd period - Slapshot by Jamie Arniel.
11:37 of 2nd period - Shot Misses the Net.
12:16 of 2nd period - Snap shot by Brett Maclean.
12:16 of 2nd period - Shot Misses the Net.
12:50 of 2nd period - Pavel Valentenko is hit by T.J. Fast and loses puck.
13:14 of 2nd period - Wrist shot by Damien Brunner.
13:14 of 2nd period - Shot Misses the Net.
13:16 of 2nd period - Wrist shot by Peter Mueller.
13:16 of 2nd period - Shot Blocked by Mason Raymond.
13:18 of 2nd period - Wrist shot by Peter Mueller.
13:18 of 2nd period - Stopped by Tobias Stephan with a rebound.
13:35 of 2nd period - Minor Penalty to Michael Del Zotto for Roughing.
13:36 of 2nd period - Kellan Lain wins face-off versus Yan Stastny in River Rats zone.
14:36 of 2nd period - Andrej Meszaros is hit by Cam Janssen and loses puck.
14:47 of 2nd period - Matt Jones is hit by Yan Stastny.
15:35 of 2nd period - Penalty to Michael Del Zotto is over, Michael Del Zotto is back on ice.
15:46 of 2nd period - Snap shot by Michael Del Zotto.
15:46 of 2nd period - Shot Misses the Net.
15:52 of 2nd period - Slapshot by Michael Del Zotto.
15:52 of 2nd period - Shot Blocked by T.J. Fast.
16:06 of 2nd period - Greg Pateryn is hit by Jamie Arniel.
16:16 of 2nd period - Danny Kristo is hit by Brian Dumoulin and loses puck.
16:34 of 2nd period - Nick Spaling is hit by Brett Maclean and loses puck.
16:45 of 2nd period - Nick Spaling is hit by Peter Mueller and loses puck.
17:14 of 2nd period - Wrist shot by Mason Raymond.
17:14 of 2nd period - Goal by Mason Raymond - River Rats : 2 - Staline : 2.
17:15 of 2nd period - Peter Mueller wins face-off versus Cam Janssen in neutral zone.
18:08 of 2nd period - Icing by Andrej Meszaros.
18:09 of 2nd period - Jamie Arniel wins face-off versus Zac Rinaldo in River Rats zone.
18:22 of 2nd period - Snap shot by Jamie Arniel.
18:22 of 2nd period - Stopped by Tobias Stephan without a rebound.
18:23 of 2nd period - Peter Mueller wins face-off versus Cam Janssen in Staline zone.
18:35 of 2nd period - Minor Penalty to Brandon Prust for Hooking.
18:36 of 2nd period - Peter Mueller wins face-off versus James Sheppard in Staline zone.
18:52 of 2nd period - Snap shot by Brett Maclean.
18:52 of 2nd period - Shot Misses the Net.
19:10 of 2nd period - Slapshot by Michael Del Zotto.
19:10 of 2nd period - Stopped by Tobias Stephan without a rebound.
19:11 of 2nd period - Peter Mueller wins face-off versus Peter Holland in Staline zone.
19:14 of 2nd period - Wrist shot by Damien Brunner.
19:14 of 2nd period - Stopped by Tobias Stephan without a rebound.
19:15 of 2nd period - Peter Mueller wins face-off versus James Sheppard in Staline zone.
19:18 of 2nd period - Wrist shot by Damien Brunner.
19:18 of 2nd period - Goal by Damien Brunner - River Rats : 3 - Staline : 2.
19:19 of 2nd period - Peter Mueller wins face-off versus Yan Stastny in neutral zone.
19:33 of 2nd period - Slapshot by Cam Janssen.
19:33 of 2nd period - Shot Misses the Net.
19:35 of 2nd period - Slapshot by T.J. Fast.
19:35 of 2nd period - Stopped by Allen York with a rebound.
19:47 of 2nd period - J.T. Wyman is hit by Steve Quailer and loses puck.
Goals for this period are 2 for River Rats vs 1 for Staline.
Shots for this period are 15 for River Rats vs 8 for Staline.

3rd period


0:01 of 3rd period - Damien Brunner wins face-off versus Yan Stastny in neutral zone.
0:14 of 3rd period - Snap shot by Chris Mcallister.
0:14 of 3rd period - Stopped by Tobias Stephan with a rebound.
0:16 of 3rd period - Wrist shot by Justin Schultz.
0:16 of 3rd period - Shot Misses the Net.
0:22 of 3rd period - Minor Penalty to Yan Stastny for Hooking.
0:23 of 3rd period - Peter Mueller wins face-off versus Brandon Prust in Staline zone.
1:00 of 3rd period - Mason Raymond is hit by Damien Brunner and loses puck.
1:33 of 3rd period - Stu Bickel is hit by Chris Mcallister and loses puck.
1:57 of 3rd period - Icing by Justin Schultz.
1:58 of 3rd period - Peter Mueller wins face-off versus Peter Holland in River Rats zone.
2:22 of 3rd period - Penalty to Yan Stastny is over, Yan Stastny is back on ice.
2:40 of 3rd period - Snap shot by Yan Stastny.
2:40 of 3rd period - Stopped by Allen York without a rebound.
2:41 of 3rd period - Mathieu Perreault wins face-off versus Peter Mueller in River Rats zone.
3:02 of 3rd period - James Sheppard is hit by Pierre-Cédric Labrie and loses puck.
3:29 of 3rd period - Wrist shot by Brandon Prust.
3:29 of 3rd period - Goal by Brandon Prust - River Rats : 3 - Staline : 3.
3:30 of 3rd period - Andrei Loktionov wins face-off versus Damien Brunner in neutral zone.
3:33 of 3rd period - Slapshot by Tyler Cuma.
3:33 of 3rd period - Stopped by Allen York without a rebound.
3:34 of 3rd period - Peter Mueller wins face-off versus Andrei Loktionov in River Rats zone.
3:34 of 3rd period - Peter Mueller is hit by Andrei Loktionov.
4:24 of 3rd period - Slapshot by Michael Del Zotto.
4:24 of 3rd period - Deflect By Jamie Arniel.
4:24 of 3rd period - Shot Blocked by Mathieu Perreault.
4:24 of 3rd period - Puck is out of play.
4:25 of 3rd period - Pierre-Cédric Labrie wins face-off versus Mathieu Perreault in Staline zone.
4:42 of 3rd period - Slapshot by Jamie Arniel.
4:42 of 3rd period - Stopped by Tobias Stephan with a rebound.
4:48 of 3rd period - Wrist shot by Jamie Arniel.
4:48 of 3rd period - Shot Misses the Net.
5:54 of 3rd period - Andrej Meszaros is hit by Jared Boll and loses puck.
6:05 of 3rd period - Wrist shot by Jamie Arniel.
6:05 of 3rd period - Goal by Jamie Arniel - River Rats : 4 - Staline : 3.
6:06 of 3rd period - Brandon Prust wins face-off versus Peter Mueller in neutral zone.
6:17 of 3rd period - Snap shot by Brandon Prust.
6:17 of 3rd period - Stopped by Allen York with a rebound.
6:19 of 3rd period - Slapshot by Theo Peckham.
6:19 of 3rd period - Stopped by Allen York with a rebound.
6:21 of 3rd period - Snap shot by Theo Peckham.
6:21 of 3rd period - Stopped by Allen York with a rebound.
6:27 of 3rd period - Minor Penalty to Matt Jones for Hooking.
6:28 of 3rd period - Kellan Lain wins face-off versus Yan Stastny in River Rats zone.
6:45 of 3rd period - Brandon Prust is hit by Kellan Lain and loses puck.
7:36 of 3rd period - Wrist shot by Brandon Prust.
7:36 of 3rd period - Goal by Brandon Prust - River Rats : 4 - Staline : 4.
7:37 of 3rd period - Andrei Loktionov wins face-off versus Peter Mueller in neutral zone.
8:15 of 3rd period - Snap shot by Jared Boll.
8:15 of 3rd period - Shot Blocked by Steve Quailer.
8:21 of 3rd period - Minor Penalty to Justin Schultz for Slashing.
8:22 of 3rd period - Kellan Lain wins face-off versus Yan Stastny in River Rats zone.
8:35 of 3rd period - Backhand shot by T.J. Fast.
8:35 of 3rd period - Shot Blocked by Kellan Lain.
8:37 of 3rd period - Slapshot by Stu Bickel.
8:37 of 3rd period - Stopped by Allen York with a rebound.
8:55 of 3rd period - Snap shot by Andrei Loktionov.
8:55 of 3rd period - Goal by Andrei Loktionov - River Rats : 4 - Staline : 5.
8:56 of 3rd period - Yan Stastny wins face-off versus Peter Mueller in neutral zone.
9:21 of 3rd period - Michael Del Zotto is hit by J.T. Wyman and loses puck.
9:34 of 3rd period - Wrist shot by Andrei Loktionov.
9:34 of 3rd period - Shot Misses the Net.
9:46 of 3rd period - Pierre-Cédric Labrie is hit by Jared Boll and loses puck.
9:55 of 3rd period - Backhand shot by Jamie Arniel.
9:55 of 3rd period - Shot Misses the Net.
10:17 of 3rd period - Snap shot by James Sheppard.
10:17 of 3rd period - Stopped by Allen York without a rebound.
10:18 of 3rd period - Kellan Lain wins face-off versus Yan Stastny in River Rats zone.
10:23 of 3rd period - Slapshot by Matt Jones.
10:23 of 3rd period - Shot Blocked by Brandon Prust.
11:07 of 3rd period - Stu Bickel is hit by Jamie Arniel and loses puck.
11:14 of 3rd period - Wrist shot by Pierre-Cédric Labrie.
11:14 of 3rd period - Stopped by Tobias Stephan without a rebound.
11:15 of 3rd period - Yan Stastny wins face-off versus Peter Mueller in Staline zone.
11:22 of 3rd period - Brian Dumoulin is hit by Theo Peckham and loses puck.
11:48 of 3rd period - Slapshot by Theo Peckham.
11:48 of 3rd period - Stopped by Allen York without a rebound.
11:48 of 3rd period - Minor Penalty to Allen York for Slashing.
11:49 of 3rd period - Yan Stastny wins face-off versus Kyle Chipchura in River Rats zone.
13:07 of 3rd period - Taylor Beck is hit by Andrei Loktionov and loses puck.
13:48 of 3rd period - Penalty to Kellan Lain is over, Kellan Lain is back on ice.
14:00 of 3rd period - Slapshot by Andrej Meszaros.
14:00 of 3rd period - Shot Blocked by Jared Boll.
14:28 of 3rd period - Theo Peckham is hit by Brett Maclean and loses puck.
14:39 of 3rd period - Jamie Arniel is hit by Theo Peckham and loses puck.
14:49 of 3rd period - Icing by Michael Del Zotto.
14:50 of 3rd period - Jamie Arniel wins face-off versus Yan Stastny in River Rats zone.
14:55 of 3rd period - Slapshot by Michael Del Zotto.
14:55 of 3rd period - Stopped by Tobias Stephan without a rebound.
14:56 of 3rd period - Yan Stastny wins face-off versus Peter Mueller in Staline zone.
14:56 of 3rd period - Yan Stastny is hit by Pavel Valentenko.
15:10 of 3rd period - Wrist shot by Damien Brunner.
15:10 of 3rd period - Shot Blocked by Stu Bickel.
15:12 of 3rd period - Wrist shot by Peter Mueller.
15:12 of 3rd period - Shot Misses the Net.
15:23 of 3rd period - Minor Penalty to J.T. Brown for Slashing.
15:24 of 3rd period - Kellan Lain wins face-off versus Cam Janssen in River Rats zone.
15:31 of 3rd period - Andrej Meszaros is hit by Stu Bickel and loses puck.
17:23 of 3rd period - Penalty to J.T. Brown is over, J.T. Brown is back on ice.
17:28 of 3rd period - Andrei Loktionov is hit by Steve Quailer and loses puck.
17:45 of 3rd period - Snap shot by Nick Spaling.
17:45 of 3rd period - Shot Blocked by Pavel Valentenko.
17:47 of 3rd period - Wrist shot by Stu Bickel.
17:47 of 3rd period - Stopped by Allen York without a rebound.
17:48 of 3rd period - Nick Spaling wins face-off versus Pierre-Cédric Labrie in River Rats zone.
17:49 of 3rd period - Wrist shot by Mathieu Perreault.
17:49 of 3rd period - Stopped by Allen York with a rebound.
18:15 of 3rd period - Snap shot by James Sheppard.
18:15 of 3rd period - Stopped by Allen York with a rebound.
18:17 of 3rd period - Slapshot by Greg Pateryn.
18:17 of 3rd period - Shot Blocked by Matt Jones.
18:19 of 3rd period - Slapshot by Torey Krug.
18:19 of 3rd period - Shot Blocked by Chris Mcallister.
18:29 of 3rd period - Brandon Prust is hit by Justin Schultz and loses puck.
19:08 of 3rd period - River Rats, Allen York is pulled from the net.
19:10 of 3rd period - Wrist shot by Peter Mueller.
19:10 of 3rd period - Stopped by Tobias Stephan without a rebound.
19:11 of 3rd period - Benoit Groulx call a timeout for River Rats.
19:11 of 3rd period - Peter Mueller wins face-off versus Yan Stastny in Staline zone.
19:48 of 3rd period - Wrist shot by Cam Janssen.
19:48 of 3rd period - Shot Misses the Net.
19:50 of 3rd period - Wrist shot by Stu Bickel.
19:50 of 3rd period - Deflect By Yan Stastny.
19:50 of 3rd period - Shot Hit the Post.
19:50 of 3rd period - Puck is out of play.
19:51 of 3rd period - Allen York from River Rats was sent back in the game.
19:51 of 3rd period - Peter Mueller wins face-off versus Yan Stastny in River Rats zone.
19:56 of 3rd period - River Rats, Allen York is pulled from the net.
19:56 of 3rd period - Wrist shot by Chris Mcallister.
19:56 of 3rd period - Shot Misses the Net.
Goals for this period are 1 for River Rats vs 3 for Staline.
Shots for this period are 6 for River Rats vs 14 for Staline.


Output by the SimonT Hockey Simulator (STHS) for François Prévost -- Original Page W3C XHTML 1.0 Valid
Hockey Simulator - Hockey Simulation - Hockey Manager